Unix NetHack Version 3.7.0-101 Work-in-progress - last build Mar 4 2024 13:34:30 (3c4ac04b664b9ee0831c739617f054b5b60dbfd1,branch:master). Game began 2024-03-10 13:51:32, ended 2024-03-16 11:41:14. Cloudmillion, lawful female human Valkyrie .| -.| --------- ----- |.|. . |.| |...%)%). |...| .|...| -.DP--- |.---------.-.------.}..| | -}..| |%.._...................| -)%|------..........------....------ ..|.|.2.%3........e.......|..}......| -.|.|.-----...####....---$--...------ |.|%|.......#..#..^.|...^ ..|.. |.|.|----..)#..#....|--------.- |.%.| .*...####....|.. ----- --.%.........|.- ....)....).)%..| -..).......---- ..|.....|.... -.---.----- . |.. Cloudmillion the Green Slime St:18 Dx:16 Co:18 In:11 Wi:14 Ch:8 Lawful Dlvl:44 $:702 HP:0(29) Pw:29(29) AC:6 HD:6 T:37555 Slime Overloaded Blind Latest messages: You hit the invisible Orcus! The bone devil strikes at your displaced image and misses you! The green slime touches you! You don't feel very well. The invisible Orcus vanishes! You kill the green slime! The bone devil hits! The bone devil stings! You hit the bone devil! The bone devil misses! The bone devil misses! You are turning a little green. The bone devil hits! The bone devil misses! You hit the bone devil! The bone devil misses! The bone devil misses! The bone devil misses! The bone devil misses! Your limbs are getting oozy. You kill the bone devil! Your skin begins to peel away. You hit the green dragon! You are turning into a green slime. You hit the green dragon! The green dragon bites! The green dragon hits! The green dragon hits again! The green dragon knocks you back with a powerful blow! Ouch! You hit the green dragon! The green dragon misses! The green dragon hits! The green dragon misses! You have become a green slime. You turn into a green slime! You break out of your armor! Your cloak tears apart! You drop your gloves and weapon! You can't even move a handspan with this load! You can no longer hold your shield! Your helm falls to the floor! Your boots are pushed off your feet! You feel yourself slow down. Do you want your possessions identified? [ynq] (y) y Do you want to see your attributes? [ynq] (y) y Do you want an account of creatures vanquished? [ynaq] (y) y Do you want a list of species genocided and extinct? [ynaq] (y) y Do you want to see your conduct and achievements? [ynq] (y) y Do you want to see the dungeon overview? [ynq] (y) y Inventory: Coins $ - 702 gold pieces Weapons t - the rustproof +0 Mjollnir Armor E - an uncursed +0 pair of levitation boots Comestibles T - an uncursed lizard corpse Rings w - an uncursed ring of free action (on right grasp) m - an uncursed ring of see invisible (on left grasp) Wands v - a wand of cancellation (0:3) p - a cursed wand of cold (0:2) N - a wand of death (0:2) X - a blessed wand of digging (0:6) Y - a wand of digging (0:5) b - a wand of digging (0:4) K - a wand of digging (0:3) e - a wand of fire (0:10) d - a cursed wand of fire (0:6) o - a cursed wand of fire (0:5) C - a wand of lightning (0:7) H - a wand of lightning (0:1) i - a wand of magic missile (0:6) s - a wand of secret door detection (0:12) O - a wand of striking (0:3) q - a wand of striking (0:1) W - a blessed wand of teleportation (0:3) n - a wand of teleportation (0:2) V - a wand of teleportation (0:0) R - a wand of undead turning (1:5) Tools x - a blessed bag of holding containing 53 items k - an uncursed bugle l - the Bell of Opening (0:3) L - the uncursed Candelabrum of Invocation (0 of 7 candles attached) c - an uncursed magic lamp (lit) j - the blessed Orb of Fate (0:5) U - an uncursed skeleton key Q - an uncursed wet towel S - a blessed +0 unicorn horn Gems/Stones z - a blessed luckstone Contents of the bag of holding: 16893 gold pieces an uncursed amulet of magical breathing an uncursed amulet of reflection an uncursed amulet of reflection an uncursed rusty -1 helm of opposite alignment an uncursed apple 2 uncursed food rations 9 uncursed lumps of royal jelly an uncursed tripe ration an uncursed pit viper egg 2 uncursed lizard corpses 11 blessed scrolls of blank paper 3 uncursed scrolls of blank paper 35 uncursed scrolls of blank paper an uncursed scroll of charging an uncursed scroll of scare monster an uncursed scroll of stinking cloud an uncursed scroll of teleportation an uncursed potion of gain ability 2 uncursed potions of levitation 2 uncursed diluted potions of restore ability 19 potions of holy water an uncursed ring of free action an uncursed ring of free action an uncursed ring of levitation an uncursed ring of levitation an uncursed ring of polymorph control an uncursed +4 ring of protection an uncursed ring of protection from shape changers an uncursed ring of shock resistance an uncursed ring of stealth an uncursed ring of sustain ability an uncursed ring of teleport control an uncursed ring of teleportation a wand of death (0:0) a wand of digging (0:5) a wand of digging (0:4) a wand of digging (0:4) a wand of fire (0:5) a wand of fire (0:4) a wand of lightning (0:3) a wand of sleep (0:4) a wand of sleep (0:4) a wand of sleep (0:4) a wand of striking (1:8) a wand of striking (0:3) a wand of wishing named wow (1:0) a blessed magic marker (1:12) a magic marker (0:49) a magic marker (0:24) an uncursed magic whistle 7 uncursed tallow candles 4 uncursed wax candles Cloudmillion the Valkyrie's attributes: Background: You were in green slime form. You were actually a Warrior, a level 16 human Valkyrie. You were lawful, on a mission for Tyr who was opposed by Odin (neutral) and Loki (chaotic). You were normally right-handed. You were in Gehennom, on level 44. You entered the dungeon 37555 turns ago. Basics: You had 0 out of 29 hit points. You had all 29 energy points (spell power). You had 6 hit dice. Your armor class was 6. Your wallet contained 702 zorkmids, and you had 16893 more stashed away in your pack. Autopickup was off. Final Characteristics: Your strength was 18. Your dexterity was 16. Your constitution was 18. Your intelligence was 11. Your wisdom was 14. Your charisma was 8. Final Status: You were transformed. You turned into slime. You were innately blind. You weren't hungry. You were overloaded; movement was not possible. You weren't wielding anything. You were unskilled in bare handed combat. You weren't wearing any armor. Final Attributes: You were piously aligned. You were fire resistant. You were cold resistant. You were sleep resistant. You were shock resistant. You were poison resistant. You were acid resistant. You were petrification resistant. You would have seen invisible when not blind. You were warned. You were stealthy. You could survive without air. You took half physical damage. You took half spell damage. You had free action. You were very lucky. You had extra luck. Good luck did not time out for you. You are dead (2nd time!). Miscellaneous: You encountered 1 bones level. Total elapsed playing time was 6 hours, 35 minutes and 52 seconds. Major events: Turn 1: Cloudmillion the lawful human Valkyrie entered the dungeon 344: entered the Gnomish Mines 661: attained the rank of Skirmisher (level 3) 2286: reached Mine Town 2307: attained the rank of Fighter (level 6) 3970: made her first wish - "+2 blessed greased fixed gray dragon scale mail", got "a greased gray dragon scale mail" 4412: entered Sokoban 4730: completed 1st Sokoban level 5632: completed 2nd Sokoban level 5963: completed 3rd Sokoban level 6717: completed 4th Sokoban level 7127: attained the rank of Woman-at-arms (level 10) 8314: acquired the Sokoban amulet of reflection 9507: wished for "blessed greased bag of holding", got "a greased bag" 10538: performed her first genocide (shocking spheres) 13929: received Excalibur from a strange woman laying about in a pond 17518: acquired the Mines' End luckstone 21685: destroyed lurchy's ghost, the former Magician 21998: found Magicbane on the floor 23302: killed Medusa 24496: found Demonbane on the floor 24695: wished for "blessed magic marker", got "a magic marker" 24764: wished for "2 blessed scrolls of genocide", got "2 scrolls labeled FOOBIE BLETCH" 24774: genocided class h 24775: genocided class L 25171: wished for "+2 blessed greased fireproof speedboots", got "a greased pair of hiking boots" 25175: wished for "+2 blessed greased rustproof gauntlets of power", got "a greased pair of old gloves" 25177: wished for "+2 blessed rustproof greased helm of brilliance", got "a greased crystal helmet" 26328: was bestowed with Mjollnir by Tyr 26933: entered Gehennom 27418: attained the rank of Warrior (level 14) 28965: found the Orb of Fate on the floor 28974: killed Lord Surtur 28977: acquired the Bell of Opening 30704: killed Juiblex 32195: killed Baalzebub 35261: destroyed Vlad the Impaler 35268: acquired the Candelabrum of Invocation 37460: averted death (killed by an ochre jelly) 37555: turned to slime by a green slime Vanquished creatures: Baalzebub 3 erinyes Juiblex Vlad the Impaler a mastodon Medusa 3 iron golems 2 storm giants 3 glass golems 4 balrogs 2 purple worms 2 gold dragons a silver dragon 4 red dragons 2 white dragons a black dragon 2 blue dragons 2 green dragons 2 yellow dragons 10 minotaurs 3 jabberwocks Lord Surtur a baluchitherium 2 stone golems 3 Olog-hai 3 Nazgul 3 pit fiends a hell hound 3 displacer beasts 3 titanotheres 2 trappers 7 baby red dragons 3 baby white dragons 3 baby yellow dragons 2 genetic engineers 2 disenchanters 25 vampire leaders 6 skeletons 3 captains 6 shades 2 liches 4 clay golems 6 nurses an ice devil 4 nalfeshnees 4 lurkers above 3 ettins 3 golden nagas 10 black puddings 19 vampires 4 lieutenants a watch captain 23 ghosts 2 queen bees 4 winged gargoyles a mind flayer 4 giant mimics 3 long worms 4 zruties 23 fire giants 7 ogre tyrants 6 ice trolls 5 rock trolls 3 umber hulks a flesh golem 6 elven monarchs 3 doppelgangers 9 hezrous 4 bone devils 8 large mimics 2 wumpuses 4 fire vortices a baby purple worm 8 stalkers 3 air elementals 5 fire elementals 5 earth elementals 5 water elementals 6 hill giants 5 giant mummies 8 xorns 17 giant zombies 13 elf-nobles 2 sergeants a water demon 16 barbed devils 13 vrocks 2 salamanders 10 wargs 2 winter wolves 5 hell hound pups 11 small mimics 3 warhorses 5 steam vortices 3 xans 10 ettin mummies 4 ogre leaders 11 quantum mechanics 8 trolls 5 wood golems 9 mariliths 2 sharks 11 gelatinous cubes 4 pyrolisks 3 large dogs 7 freezing spheres 4 flaming spheres a large cat 9 tigers 2 gargoyles 3 dwarf rulers 10 ochre jellies 8 leocrottas 2 energy vortices 4 mountain centaurs 3 stone giants 4 elf mummies 4 human mummies 6 red nagas 2 green slimes 5 pythons 2 pit vipers 7 cobras 21 wraiths 2 carnivorous apes 17 ettin zombies 3 leather golems 3 Grey-elves 48 soldiers 3 watchmen 8 amorous demons 18 horned devils 8 chameleons 2 crocodiles 8 giant beetles 4 quivering blobs 17 cockatrices 4 wolves 5 winter wolf cubs 3 lynxes a panther 7 gremlins 2 spotted jellies 11 leprechauns an orc-captain 5 iron piercers a mumak 14 giant spiders 7 scorpions 4 horses 3 ice vortices 10 black lights 8 vampire bats 5 forest centaurs 9 gnome rulers 5 orc mummies 4 dwarf mummies an ogre 11 brown puddings 9 rust monsters 6 owlbears 9 yetis 2 gold golems 3 werewolves 12 Green-elves 14 lizards 10 chickatrices 3 dingoes 2 dogs 3 housecats 4 jaguars 4 blue jellies 2 gray unicorns a black unicorn 8 dust vortices 2 ravens 4 plains centaurs 6 gnome mummies 8 snakes 15 water moccasins 6 apes 16 human zombies 4 rope golems 6 Woodland-elves 6 soldier ants 70 fire ants 28 bugbears 2 imps 13 lemures 2 quasits 4 wood nymphs 4 water nymphs 9 mountain nymphs 9 Mordor orcs 3 Uruk-hai 9 orc shamans 3 rock piercers 6 rock moles 5 ponies 12 fog clouds 9 yellow lights a shrieker 6 violet fungi 25 gnome leaders 7 gnomish wizards 7 kobold mummies 2 black naga hatchlings a gray ooze 4 barrow wights 14 elf zombies 8 ghouls 3 straw golems 3 paper golems 15 giant ants a little dog 11 floating eyes 5 dwarves 7 homunculi 4 kobold leaders 4 kobold shamans 16 hill orcs 18 rothes 4 rabid rats 2 centipedes 5 giant bats 2 monkeys 11 orc zombies 14 dwarf zombies 2 wererats 4 iguanas 64 killer bees 2 acid blobs 3 coyotes 2 gas spores 2 hobbits 6 manes 7 large kobolds 31 hobgoblins 8 cave spiders a brown mold 3 yellow molds a green mold 71 gnomes 19 garter snakes 10 gnome zombies 6 geckos 7 jackals 4 foxes 4 kobolds 6 goblins 6 grid bugs 2 bats 6 lichens 9 kobold zombies 4 newts 1738 creatures vanquished. Genocided or extinct species: erinyes (extinct) arch-liches master liches demiliches master mind flayers liches mind flayers shocking spheres dwarf rulers dwarf leaders bugbears dwarves hobbits 12 species genocided. 1 species extinct. Voluntary challenges: You read items or engraved 100 times. You never engraved Elbereth. You genocided 12 types of monsters. You used 7 wishes. You did not wish for any artifacts. You violated the special Sokoban rules once. Achievements: You entered the Gnomish Mines. You entered a shop. You attained the rank of Skirmisher. You entered Minetown. You attained the rank of Fighter. You entered a temple. You entered Sokoban. You attained the rank of Woman-at-arms. You completed Sokoban. You completed the Gnomish Mines. You defeated Medusa. You entered Gehennom. You attained the rank of Warrior. You had the Bell of Opening. You had the Candelabrum of Invocation. The Dungeons of Doom: levels 1 to 27 Level 1: Level 2: Stairs down to The Gnomish Mines. Level 3: A fountain, a sink. Level 4: Level 5: An altar to Tyr, a fountain. Level 6: Level 7: Level 8: A sink. Level 9: "Pick-axe here" A fountain. Oracle of Delphi. Level 10: A sink. Stairs up to Sokoban, level 9. Level 11: A fountain. Level 12: An altar to Tyr. Level 13: Level 14: A grave. Level 15: An altar to Tyr. Level 16: A primitive area. Portal to The Quest. Level 17: "Mind flayer here" A fountain. Level 18: Level 19: Level 20: Some altars, a grave. Level 21: A fountain. Level 22: "L next level" A fountain. Level 23: "Cloudlair here sigh" A sink, a grave. Level 24: A temple and an altar to Tyr, a grave. Final resting place for lurchy-Wiz-Elf-Mal-Cha, killed by a barbed devil. Level 25: Some fountains, many trees. Level 26: A fountain, some sinks. Level 27: Connection to Gehennom. Gehennom: levels 28 to 44 Level 28: A temple and an altar, many graves. Valley of the Dead. Level 29: Level 30: Level 32: Level 33: Level 34: Some fountains. Level 35: Level 36: Stairs up to Vlad's Tower, level 35. Level 37: Level 38: Level 39: Level 40: Level 41: Level 42: An altar, many graves. Level 43: Level 44: <- You were here. Final resting place for you, turned to slime by a green slime. The Gnomish Mines: levels 3 to 11 Level 3: Level 4: Level 5: A temple and an altar to Tyr, a fountain. Level 6: Level 7: Level 8: Level 9: Level 10: Level 11: Some fountains. The Quest: levels 1 to 5 Level 1: Completed quest for the Norn. Level 2: Level 3: Level 4: Level 5: Sokoban: levels 9 up to 6 Level 6: Solved. Level 7: Solved. Level 8: Solved. Level 9: Solved. Vlad's Tower: levels 35 up to 33 Level 33: A throne. Level 34: Level 35: Game over: ---------- / \ / REST \ / IN \ / PEACE \ / \ | Cloudmillion | | 17595 Au | | turned to slime | | by a green slime | | | | | | 2024 | *| * * * | * _________)/\\_//(\/(/\)/\//\/|_)_______ Farvel Cloudmillion the Valkyrie... You turned into slime in Gehennom on dungeon level 44 with 835262 points, and 17595 pieces of gold, after 37555 moves. You were level 16 with a maximum of 171 hit points when you turned into slime.